 Dungeon Crawl Stone Soup version 0.30.1-4-g462c640d31 (webtiles) character file.

Game seed: 11626682504046404066

77 safid the Chiller (level 4, 0/33 HPs)
             Began as a Merfolk Ice Elementalist on Sept 5, 2023.
             Slain by an orc wizard
             ... wielding a +0 dagger
              (2 damage)
             ... on level 3 of the Dungeon.
             The game lasted 00:03:22 (1724 turns).

safid the Chiller (Merfolk Ice Elementalist)        Turns: 1724, Time: 00:03:23

Health: 0/33       AC:  2    Str:  8    XL:     4   Next: 34%
Magic:  8/8        EV: 12    Int: 22    God:
Gold:   42         SH:  0    Dex: 14    Spells: 7/8 levels left

rFire   + . .        l - +1 whip (holy)
rCold   . . .        (no shield)
rNeg    . . .        a - +0 robe
rPois   .            (no helmet)
rElec   .            (no cloak)
rCorr   .            (no gloves)
SInv    .            (no boots)
Will    .....        (no amulet)
Stlth   ++           g - ring of protection from fire
HPRegen 0.25/turn    i - +6 ring of intelligence
MPRegen 0.11/turn

%: no passive effects
@: no status effects
A: (nimble swimmer 2), mertail
a: no special abilities


You were on level 3 of the Dungeon.
You visited 1 branch of the dungeon, and saw 3 of its levels.

You collected 84 gold pieces.
You spent 42 gold pieces at shops.

Inventory:

Hand Weapons
 l - a +1 whip of holy wrath (weapon)
Armour
 a - a +0 robe (worn)
Jewellery
 d - a ring of fire
 g - a ring of protection from fire (left hand)
 i - a +6 ring of intelligence (right hand)
 k - a ring of wizardry
Scrolls
 c - a scroll of teleportation {unknown}
 h - 2 scrolls of enchant weapon {unknown}
 n - a scroll of amnesia {unknown}
 o - a scroll of magic mapping {unknown}
 q - a scroll of enchant armour {unknown}
 s - a scroll of poison {unknown}
Potions
 b - a potion of magic
 e - 2 potions of curing
 f - a potion of berserk rage {unknown}
 j - a potion of attraction {unknown}
 m - 2 potions of might {unknown}
 p - 2 potions of degeneration {unknown}
 r - a potion of flight {unknown}


   Skills:
 + Level 2.2 Fighting
 - Level 2.6 Dodging
 - Level 2.1 Stealth
 + Level 2.9 Spellcasting
 + Level 5.0 Ice Magic


You had 7 spell levels left.
You knew the following spells:

 Your Spells              Type           Power      Damage    Failure   Level
a - Freeze                Ice            100%       1d10      1%          1

Your spell library contained the following spells:

 Spells                   Type           Power      Damage    Failure   Level
 Frozen Ramparts          Ice            50%        1d8       4%          3
 Ozocubu's Armour         Ice            25%        N/A       4%          3
 Blink                    Tloc           6%         N/A       19%         2
 Lesser Beckoning         Tloc           6%         N/A       19%         2
 Momentum Strike          Conj/Tloc      6%         3d8       19%         2
 Sublimation of Blood     Necr           3%         N/A       19%         2
 Dazzling Flash           Conj/Hex       6%         N/A       36%         3
 Summon Ice Beast         Ice/Summ       14%        N/A       41%         4
 Petrify                  Tmut/Erth      3%         N/A       77%         4
 Agony                    Necr           3%         N/A       98%         5
 Irradiate                Conj/Tmut      1%         3d12      98%         5
 Silence                  Hex/Air        1%         N/A       98%         5


Dungeon Overview and Level Annotations

Branches:
Dungeon (3/15)

Altars:

Shops:
D:3 !


Innate Abilities, Weirdness & Mutations

((You are very nimble when in or above water. (Stealth+, EV+, Speed+++)))
Your lower body shifts to a powerful aquatic tail in water.


Message History

The orc is moderately wounded.
The orc hits you with a +0 club. The orc hits you but does no damage.
Casting: Freeze (safe; 1% risk of failure)
Confirm with . or Enter, or press ? or * to list all spells.
Aiming: Freeze (safe; 1% risk of failure)
Press: ? - help, Shift-Dir - straight line, f - orc
Aim: an orc, wielding a +0 club and wearing a +0 ring mail (moderately wounded)
You freeze the orc!
You kill the orc!
Unknown command.
You closely miss something. Something hits you.
You hit something. Something hits you.
You miss something.
You hear some strange, mumbled words.
You are confused.
You bump into the rock wall.
Something hits you but does no damage.
You hit something but do no damage. Something hits you.
You bump into the rock wall.
Something hits you.
You bump into the rock wall.
Something hits you.
You miss something.
You feel less confused. Something hits you.
You barely miss something. Something hits you.
You hit something. Something hits you.
* * * LOW HITPOINT WARNING * * *
You miss something. Something barely misses you.
You barely miss something. Something hits you.
* * * LOW HITPOINT WARNING * * *
You closely miss something. Something hits you.
* * * LOW HITPOINT WARNING * * *
Something hits you.
* * * LOW HITPOINT WARNING * * *
You miss something. Something hits you but does no damage.
You hit something.
You hear some strange, mumbled words.
Something tries to affect you, but you resist.
You miss something. Something hits you.
* * * LOW HITPOINT WARNING * * *
You hit something. Something hits you.
You die...

... #.........#
##.#####.......#.#
...............#.# #
#.............#.#.##
.##.................#
..............o.....#
##.###.###..#o#.#.##
#........#..#{#.#.#
#..#.#.###..#@#.#.# #
#.#......#.#.#.#
#........#.#.#.#
#........#.#.#.#
..#..............##
#.(...........#.#..#
#.######♣.♣.#.#.####
# ♣.♣.#......#
♣.♣.########


You could see 2 orcs.

Vanquished Creatures
  A gnoll (D:1)
  A dart slug (D:1)
  2 orcs (D:3)
  6 endoplasms
  2 giant cockroaches (D:1)
  A goblin (D:2)
  6 hobgoblins
  12 jackals
  2 quokkas (D:2)
  8 ball pythons
  4 bats
  4 frilled lizards
  4 kobolds
  A rat (D:2)
54 creatures vanquished.

Notes
Turn   | Place    | Note
-------+----------+-------------------------------------------
     0 | D:1      | safid the Merfolk Ice Elementalist began the quest for the
                  | Orb.
     0 | D:1      | Reached XP level 1. HP: 13/13 MP: 3/3
   206 | D:1      | Reached XP level 2. HP: 20/20 MP: 3/5
   263 | D:1      | Reached skill level 1 in Fighting
   719 | D:1      | Reached XP level 3. HP: 26/26 MP: 6/6
  1266 | D:2      | Reached skill level 5 in Ice Magic
  1266 | D:2      | Reached XP level 4. HP: 33/33 MP: 4/8
  1662 | D:3      | Found Udairak's Distillery.
  1670 | D:3      | Bought a potion of curing for 42 gold pieces
  1724 | D:3      | Slain by an orc wizard

Illustrated notes

Levels and vault maps discovered:
D:1:      co_arrival_square_in_a_square_in_a_square, layout_basic
D:2:      layout_basic
D:3:      layout_basic, mainiacjoe_overflow_small_starburst, serial_shops,
          nicolae_shop_peninsula, shapermc_ecumenical_altar_mp_urbaneastern,
          uniq_sigmund, uniq_robin, uniq_crazy_yiuf_cottage

Skill      XL: |  1  2  3 |
---------------+----------+-----
Fighting       | 1 2 |  2.2
Ice Magic      | 5 |  5.0
Dodging        | |  2.6
Stealth        | |  2.1
Spellcasting   | |  2.9

Action                     |  1- 3 |  4- 6 || total
---------------------------+-------+-------++-------
  Melee: Unarmed           |    18 |       ||    18
         Dagger            |    17 |       ||    17
         Whip              |    34 |    54 ||    88
         Punch             |     1 |     1 ||     2
   Cast: Freeze            |    41 |    10 ||    51
   Stab: Sleeping          |     3 |     1 ||     4
 Armour: Robe              |    23 |     9 ||    32
  Dodge: Dodged            |    72 |    28 ||   100
